 Dungeon Crawl Stone Soup version 0.24.0-125-gc4c63601f3 (webtiles) character file.

Game seed: 14121939373283350336, levelgen mode: deterministic

43482 yackovtube the Unseen (level 14, -7/74 HPs)
             Began as a Kobold Enchanter on Mar 22, 2020.
             Was the Champion of Dithmenos.
             Shot with an arrow by a centaur warrior (11 damage)
             ... on level 13 of the Dungeon.
             The game lasted 01:54:22 (24322 turns).

yackovtube the Unseen (Kobold Enchanter)           Turns: 24322, Time: 01:54:22

Health: -7/74      AC:  3    Str:  7    XL:     14   Next: 60%
Magic:  0/26       EV: 18    Int: 19    God:    Dithmenos [******]
Gold:   1162       SH:  0    Dex: 16    Spells: 15/30 levels left

rFire    . . .     SeeInvis .   r - +2 dagger (flame)
rCold    . . .     Gourm    .   (shield restricted)
rNeg     + . .     Faith    .   b - +1 robe
rPois    .         Spirit   +   (no helmet)
rElec    .         Reflect  .   u - scarf {Spirit}
rCorr    .         Harm     .   (no gloves)
MR       ++...                  (no boots)
Stlth    ++++++++++             v - amulet of magic regeneration (curse)
HPRegen  0.22/turn              N - ring of positive energy
MPRegen  0.45/turn              t - ring of protection from magic

@: very slightly contaminated, wreathed by umbra
A: small, carnivore
a: Shadow Step, Shadow Form, Renounce Religion


You were on level 13 of the Dungeon.
You worshipped Dithmenos.
Dithmenos was exalted by your worship.
You were not hungry.

You visited 3 branches of the dungeon, and saw 20 of its levels.
You also visited: Ossuary.

You collected 1236 gold pieces.
You spent 74 gold pieces at shops.

Inventory:

Hand Weapons
 r - a +2 dagger of flaming (weapon)
 J - the +3 rapier of Tenacity {drain, rPois rC++ Int-5 Stlth+}
   (You took it off an orc on level 10 of the Dungeon)

   A truly terrible weapon, it drains the life of those it strikes.
   It affects your intelligence (-5).
   It greatly protects you from cold.
   It protects you from poison.
   It makes you more stealthy.
Missiles
 a - 7 datura-tipped darts
 i - 52 poisoned darts (quivered)
 y - 9 curare-tipped darts
Armour
 b - a +1 robe (worn)
 u - a scarf of spirit shield (worn)
Jewellery
 s - an uncursed ring of fire
 t - a ring of protection from magic (right hand)
 v - a cursed amulet of magic regeneration (around neck)
 x - an uncursed ring of fire
 K - a +6 ring of strength
 N - a ring of positive energy (left hand)
Wands
 m - a wand of paralysis (4)
 p - a wand of flame (3)
 w - a wand of acid (11)
 A - a wand of random effects (38)
 I - a wand of polymorph (14)
 L - a wand of iceblast (8)
 R - a wand of scattershot (7)
Scrolls
 c - 2 scrolls of magic mapping
 e - 9 scrolls of remove curse
 f - 5 scrolls of fog
 h - 6 scrolls of teleportation
 j - 9 scrolls of enchant armour
 l - 7 scrolls of enchant weapon
 n - 12 scrolls of identify
 C - 3 scrolls of noise
 H - 2 scrolls of fear
 O - a scroll of amnesia
Potions
 g - 5 potions of flight
 o - 2 potions of lignification
 q - 4 potions of haste
 z - a potion of invisibility
 B - 2 potions of resistance
 D - 4 potions of heal wounds
 E - 4 potions of ambrosia
 F - a potion of mutation
 G - 5 potions of brilliance
 M - 4 potions of might
 Q - a potion of berserk rage
Comestibles
 d - 41 rations


   Skills:
 + Level 3.6 Fighting
 + Level 6.4 Short Blades
 + Level 5.7 Dodging
 * Level 19.9 Stealth
 + Level 8.5 Spellcasting
 + Level 1.3 Conjurations
 * Level 10.9 Hexes
 * Level 5.5 Translocations
 + Level 5.6 Ice Magic
 * Level 10.2 Evocations


You had 15 spell levels left.
You knew the following spells:

 Your Spells              Type           Power        Failure   Level  Hunger
a - Corona                Hex            #####..      1%          1    None
b - Ensorcelled Hibernat  Hex/Ice        #####.       1%          2    None
c - Confuse               Hex            #####...     1%          3    None
d - Dazzling Spray        Conj/Hex       ####..       1%          3    None
e - Slow                  Hex            #####...     1%          2    None
f - Blink                 Tloc           N/A          1%          2    None
g - Throw Flame           Conj/Fire      ##....       10%         2    None

Your spell library contained the following spells:

 Spells                   Type           Power        Failure   Level  Hunger
 Freeze                   Ice            ####         1%          1    None
 Tukima's Dance           Hex            #####...     1%          3    None
 Magic Dart               Conj           ##..         4%          1    None
 Summon Butterflies       Summ           #.......     9%          1    None
 Call Imp                 Summ           #.......     13%         2    None
 Conjure Flame            Conj/Fire      ##......     21%         3    None
 Mephitic Cloud           Conj/Pois/Air  #.......     22%         3    None
 Call Canine Familiar     Summ           #.......     26%         3    None
 Summon Ice Beast         Ice/Summ       ###.....     26%         4    ###....
 Summon Mana Viper        Hex/Summ       ####....     26%         5    #####..
 Bolt of Magma            Conj/Fire/Erth #.........   89%         5    #####..
 Summon Hydra             Summ           #.........   100%        7    #######


Dungeon Overview and Level Annotations

Branches:
Dungeon (15/15)            Temple (1/1) D:5            Lair (4/6) D:9
  Swamp (0/4) Lair:2        Snake (0/4) Lair:3       Depths (0/5) D:15
Ossuary (visited)
    Orc: D:9-12      Vaults: D:13-14

Altars:
Ashenzari
Cheibriados
Dithmenos
Elyvilon
Fedhas
Hepliaklqana
Kikubaaqudgha
Makhleb
Nemelex Xobeh
Okawaru
Qazlal
Ru
Sif Muna
Trog
Uskayaw
Vehumet
Wu Jian
Xom
Yredelemnul
Zin
The Shining One

Shops:
D:4 *   D:9 ?   D:12 }

Portals:
Bazaar: D:11

Annotations:
D:11 exclusion: ice statue
D:12 exclusion: 2 doors, Frances; Rupert
Lair:2 3 runed translucent doors, Kaiern's ghost, journeyman CeHu


Innate Abilities, Weirdness & Mutations

You are small and have problems with some larger weapons.
You are carnivorous and can eat meat at any time.


Message History

Casting: Ensorcelled Hibernation (safe; 1% risk of failure)
Confirm with . or Enter, or press ? or * to list all spells.
You blink.
The centaur warrior wields a +0 shortbow.
The centaur warrior shoots an arrow.
The arrow hits you!!
* * * LOW HITPOINT WARNING * * *
You feel better.
The centaur warrior shoots an arrow.
The arrow hits you!
* * * LOW HITPOINT WARNING * * *
Casting: Blink (safe; 1% risk of failure)
Confirm with . or Enter, or press ? or * to list all spells.
You don't have enough magic to cast that spell.
Casting: Blink (safe; 1% risk of failure)
Confirm with . or Enter, or press ? or * to list all spells.
You don't have enough magic to cast that spell.
Blink to where?
Press: ? - help, Dir - move target cursor, p - centaur warrior You are very lightly contaminated with residual magic.
As you read the scroll of blinking, it crumbles to dust.
The centaur warrior shoots an arrow.
The arrow hits you!
You die...

##....#.#.#.#.#.. ....
###.#.............. #
##.###
#.#.##.#.#.##...#.#
......
#...[..#.#.##...#.#
#..... #.#.##.#.#
##..... ......
#.#.##.#.# ..... ....
#.#.##.#.# #..# ....
#.#.##.#.####..##.###
.######
#.#.##.......@.......
.......
####...............#####
######
..........#c######.#
.###### ######.####.# .#
.......
######÷####.######.#
.......
...............§c..#
.######
######.####(######.# #
### ### #


You could see a centaur warrior.

Vanquished Creatures
  Josephine (D:15)
  Harold (Lair:2)
  2 hydras
  The ghost of Rohyif the Nimble, a journeyman GnGl of Uskayaw (D:11)
  A centaur warrior (D:13)
  6 two-headed ogres
  An ogre mage (D:15)
  Sonja (Lair:2)
  Pikel (D:5)
  3 ugly things
  4 cyclopes
  A manticore (D:13)
  Maurice (D:9)
  A black mamba (Lair:3)
  3 centaur skeletons
  A gargoyle (D:13)
  A kobold demonologist (D:13)
  10 spiny frogs
  6 komodo dragons
  2 ice devils (D:11)
  6 trolls
  3 hornets
  Prince Ribbit (D:9)
  Grinder (D:6)
  A meliai zombie (D:13)
  8 blink frogs
  7 hippogriffs
  A deep troll zombie (D:15)
  A centaur simulacrum (D:13)
  3 wyverns
  3 wraiths (D:15)
  Sigmund (D:2)
  23 yaks
  2 basilisks (Lair:2)
  7 vampire mosquitoes
  2 hungry ghosts
  A steam dragon (D:5)
  Edmund (D:5)
  3 soldier ants (D:11)
  9 water moccasins
  7 sky beasts
  7 ice beasts
  7 porcupines
  9 orc warriors
  An eye of draining (D:13)
  2 phantoms
  A necrophage (D:11)
  14 ogres
  11 wolves
  10 centaurs
  5 crocodiles
  2 big kobolds
  3 elf zombies (Ossuary)
  9 bullfrogs
  5 scorpions
  11 killer bees
  7 wights
  3 electric eels
  8 centaur zombies
  2 crimson imps
  3 bullfrog zombies
  A quasit (D:7)
  3 bullfrog skeletons
  A jelly (D:15)
  10 orc priests
  13 hounds
  3 human zombies (Ossuary)
  A gnoll shaman (D:10)
  15 orc wizards
  Ijyb (D:3)
  Terence (D:2)
  2 iguanas (D:4)
  14 worker ants
  A hound zombie (D:5)
  2 hound skeletons
  3 mummies (Ossuary)
  A worker ant zombie (D:6)
  9 adders
  6 gnolls
  2 shadow imps
  An ooze (D:4)
  An adder skeleton (D:5)
  2 worms (D:3)
  7 leopard geckos
  45 orcs
  8 bats
  5 giant cockroaches
  4 goblins
  5 hobgoblins
  20 kobolds
  5 quokkas
  4 frilled lizards
  2 goblin zombies (D:7)
  A quokka skeleton (D:9)
  6 rats
  A plant (Lair:2)
465 creatures vanquished.

Vanquished Creatures (others)
  3 plants (Lair:2)
3 creatures vanquished.

Grand Total: 468 creatures vanquished

Notes
Turn   | Place    | Note
-------+----------+-------------------------------------------
     0 | D:1      | yackovtube the Kobold Enchanter began the quest for the
                  | Orb.
     0 | D:1      | Reached XP level 1. HP: 10/10 MP: 3/3
   174 | D:1      | Reached XP level 2. HP: 13/15 MP: 1/5
   178 | D:1      | Learned a level 2 spell: Ensorcelled Hibernation
   870 | D:1      | Reached XP level 3. HP: 19/19 MP: 3/6
  2417 | D:2      | Reached skill level 5 in Stealth
  2679 | D:2      | Noticed Sigmund
  2684 | D:2      | Killed Sigmund
  2684 | D:2      | Reached skill level 6 in Stealth
  2684 | D:2      | Reached skill level 1 in Ice Magic
  2684 | D:2      | Reached XP level 4. HP: 24/24 MP: 4/8
  2684 | D:2      | Reached XP level 5. HP: 28/28 MP: 4/9
  2684 | D:2      | Reached XP level 6. HP: 33/33 MP: 4/10
  2935 | D:2      | Noticed Terence
  2937 | D:2      | Killed Terence
  3451 | D:3      | Noticed Ijyb
  3472 | D:3      | Killed Ijyb
  3493 | D:3      | Reached skill level 7 in Stealth
  3681 | D:3      | Learned a level 3 spell: Confuse
  4026 | D:3      | Found a sparkling altar of Nemelex Xobeh.
  4700 | D:4      | Reached skill level 8 in Stealth
  4700 | D:4      | Reached XP level 7. HP: 34/37 MP: 4/11
  5093 | D:4      | Found a radiant altar of Vehumet.
  5170 | D:4      | HP: 2/55 [poisoned by a worker ant]
  5180 | D:4      | HP: 1/55 [poisoned by a worker ant]
  5186 | D:4      | HP: 1/55 [poisoned by a worker ant]
  5192 | D:4      | HP: 1/55 [poisoned by a worker ant]
  6364 | D:4      | Reached skill level 1 in Evocations
  6393 | D:5      | Entered Level 5 of the Dungeon
  6516 | D:5      | Reached skill level 1 in Fighting
  6839 | D:5      | Found an ornate altar of the Wu Jian Council.
  6841 | D:5      | Reached skill level 9 in Stealth
  6849 | D:5      | Found a bloodstained altar of Trog.
  7014 | D:4      | Reached XP level 8. HP: 43/43 MP: 8/12
  7135 | D:4      | Found Ifuymp's Assorted Antiques.
  7143 | D:4      | Bought a potion of lignification for 57 gold pieces
  7143 | D:4      | Bought a bubbling silvery potion for 17 gold pieces
  7469 | D:5      | Found a staircase to the Ecumenical Temple.
  7479 | D:5      | Reached skill level 5 in Hexes
  7613 | Temple   | Entered the Ecumenical Temple
  7650 | Temple   | Became a worshipper of Dithmenos the Shadowed
  7722 | D:5      | Learned a level 3 spell: Dazzling Spray
  7924 | D:5      | Found a shimmering altar of Xom.
  8159 | D:5      | Noticed Pikel
  8178 | D:5      | Reached skill level 10 in Stealth
  8198 | D:5      | Killed Pikel
  8198 | D:5      | Reached XP level 9. HP: 47/47 MP: 9/14
  8227 | D:5      | Reached skill level 11 in Stealth
  8288 | D:5      | Reached * piety under Dithmenos
  8343 | D:5      | Noticed Edmund
  8348 | D:5      | Killed Edmund
  8637 | D:6      | Noticed Grinder
  8644 | D:6      | Killed Grinder
  8807 | D:6      | Reached skill level 12 in Stealth
  9157 | D:7      | Found an ornate altar of the Wu Jian Council.
  9283 | D:7      | Found a sand-covered staircase.
  9306 | Ossuary  | Entered an ossuary
  9358 | Ossuary  | Reached XP level 10. HP: 35/53 MP: 16/16
  9578 | Ossuary  | Reached ** piety under Dithmenos
  9616 | Ossuary  | Reached skill level 5 in Evocations
 10308 | D:6      | You fall into a shaft and drop 2 floors!
 10443 | D:8      | Reached skill level 13 in Stealth
 10977 | D:6      | Found an iron altar of Okawaru.
 11130 | D:7      | Reached skill level 5 in Spellcasting
 11661 | D:8      | Noticed a two-headed ogre
 11679 | D:8      | Killed a two-headed ogre
 11679 | D:8      | Reached skill level 14 in Stealth
 11758 | D:8      | Found a burning altar of Makhleb.
 11786 | D:8      | Found a hazy altar of Hepliaklqana.
 12142 | D:9      | Found Puzoz's Magic Scroll Shoppe.
 12151 | D:9      | Reached XP level 11. HP: 58/58 MP: 19/19
 12280 | D:9      | Reached *** piety under Dithmenos
 12334 | D:9      | Noticed Prince Ribbit
 12357 | D:10     | Entered Level 10 of the Dungeon
 13187 | D:9      | Killed Prince Ribbit
 13432 | D:9      | Noticed a two-headed ogre
 13456 | D:9      | Killed a two-headed ogre
 13634 | D:9      | Reached skill level 15 in Stealth
 13637 | D:9      | Reached skill level 5 in Short Blades
 13778 | D:9      | Found a staircase to the Lair.
 13842 | D:9      | Noticed Maurice
 14038 | D:9      | Killed Maurice
 14038 | D:9      | Reached skill level 5 in Dodging
 14132 | Lair:1   | Entered Level 1 of the Lair of Beasts
 14170 | Lair:1   | Learned a level 2 spell: Slow
 14173 | Lair:1   | Learned a level 2 spell: Blink
 14273 | D:9      | Found a sacrificial altar of Ru.
 14274 | D:9      | Found a white marble altar of Elyvilon.
 14978 | D:10     | Reached **** piety under Dithmenos
 15114 | D:10     | Reached skill level 1 in Conjurations
 15192 | D:10     | Identified the +3 rapier of Tenacity {drain, rPois rC++
                  | Int-5 Stlth+}
 15851 | D:10     | Reached skill level 1 in Translocations
 15851 | D:10     | Reached XP level 12. HP: 64/64 MP: 16/21
 15941 | D:11     | Noticed a two-headed ogre
 15967 | D:10     | Killed a two-headed ogre
 16384 | Lair:1   | Reached skill level 16 in Stealth
 17175 | Lair:2   | Found a staircase to the Swamp.
 17449 | Lair:2   | Noticed Harold
 17460 | Lair:2   | Killed Harold
 17496 | Lair:2   | Reached skill level 17 in Stealth
 17517 | Lair:2   | Found a runed translucent gate.
 17518 | Lair:2   | Found a runed translucent gate.
 17519 | Lair:2   | Found a runed translucent gate.
 17521 | Lair:2   | Noticed Kaiern's ghost (journeyman CeHu)
 17521 | Lair:2   | Noticed a ten-headed hydra
 17547 | Lair:2   | Noticed Sonja
 17936 | Lair:2   | Reached XP level 13. HP: 68/68 MP: 23/23
 17991 | Lair:2   | Noticed a six-headed hydra
 18011 | Lair:2   | Killed a six-headed hydra
 18157 | Lair:2   | Killed Sonja
 18235 | Lair:2   | Reached ***** piety under Dithmenos
 18762 | Lair:3   | Found a staircase to the Snake Pit.
 18928 | Lair:3   | Reached skill level 18 in Stealth
 19027 | Lair:3   | Identified Juviupp's Collected Works on Harmful Cold
 19215 | Lair:3   | Reached skill level 10 in Hexes
 20158 | Lair:4   | Reached skill level 5 in Ice Magic
 20706 | D:11     | Found a gateway to a bazaar.
 20850 | D:11     | Noticed a four-headed hydra
 20864 | D:11     | Killed a four-headed hydra
 20913 | D:11     | Found a runed translucent gate.
 20914 | D:11     | Found a runed translucent gate.
 20915 | D:11     | Found a runed translucent gate.
 20928 | D:11     | Noticed Rohyif's ghost (journeyman GnGl)
 20936 | D:11     | Killed Rohyif's ghost
 21520 | D:12     | Found Nopnommesee's Gadget Shoppe.
 21576 | D:12     | Noticed Frances
 21577 | D:12     | Noticed Rupert
 21578 | D:12     | Paralysed by Rupert for 2 turns
 21711 | D:12     | Reached XP level 14. HP: 74/74 MP: 26/26
 22181 | D:12     | Reached skill level 5 in Translocations
 22250 | D:11     | Reached skill level 19 in Stealth
 22667 | D:12     | Paralysed by Rupert for 4 turns
 23219 | D:13     | You fall into a shaft and drop 2 floors!
 23219 | D:15     | Entered Level 15 of the Dungeon
 23219 | D:15     | Found a staircase to the Depths.
 23241 | D:15     | Noticed Josephine
 23249 | D:15     | Killed Josephine
 23569 | D:15     | Reached ****** piety under Dithmenos
 23571 | D:15     | Reached skill level 10 in Evocations
 23624 | D:13     | Learned a level 2 spell: Throw Flame
 24316 | D:13     | HP: 2/74 [centaur warrior/arrow (9)]
 24322 | D:13     | Shot with an arrow by a centaur warrior

Levels and vault maps discovered:
D:1:      nzn_arrival_depleted_hourglass, layout_basic, serial_forest,
          infiniplex_forest_clump_small, infiniplex_forest_zigzag_1,
          infiniplex_forest_straight_3, infiniplex_forest_lined_corner,
          infiniplex_forest_clump_curved, infiniplex_forest_split,
          infiniplex_forest_zigzag_1, infiniplex_forest_side_room
D:2:      layout_loops_corners, first_ration, lightli_corner_chamber,
          uniq_sigmund, uniq_terence
D:3:      layout_loops_ring, nemelex_xobeh_ov_fountains_minmay,
          guppyfry_early_lair_pool, uniq_ijyb
D:4:      layout_basic, lemuel_crystal_altar, serial_shops, shop_fountains,
          minivault_24, minmay_misc_feat_pillars, chequers_garden
D:5:      layout_basic, tgw_xom, kennysheep_mini_moat,
          minmay_temple_entry_enclosed_plants, basic_altar, uniq_pikel,
          uniq_edmund
D:6:      layout_basic, lemuel_crystal_altar, serial_bayou_pond_a, uniq_grinder
D:7:      layout_basic, old_standard_altar, enter_ossuary_4
D:8:      layout_cave_pods, old_standard_altar, makhleb_heckhound_becter
D:9:      layout_layer_cave, gammafunk_temple_overflow_statue, erik_lair_island,
          serial_shops, shop, uniq_prince_ribbit1, uniq_maurice
D:10:     layout_small_grid
D:11:     layout_long_grid, ebering_ghost_rock_garden, serial_shops, statue_bzr,
          portal_ice_cave_demonic_guard, hangedman_pestilent_swarm
D:12:     layout_roguey, david_orc_4, serial_shops, nicolae_shop_crystal,
          uniq_rupert, uniq_frances
D:13:     layout_basic, minmay_misc_feat_room, st_stairs_4
D:14:     layout_roguey, skrybe_vaults_entry_preservation, minivault_24,
          feat_on_display, uniq_kirke
D:15:     gammafunk_depths_entry_grave, layout_loops_corners,
          minmay_misc_feat_cross, minmay_hollow_rounded_squares, uniq_josephine
Temple:   minmay_temple_bridge_abc
Lair:1:   layout_regular_city, beast_lair_carwin_7, grunt_megastairs_5
Lair:2:   layout_gridlike, swamp_mist_pool, gammafunk_ghost_hydra_chop,
          beast_lair_carwin_9, uniq_harold, uniq_sonja
Lair:3:   layout_cave_pods, dummy_snake_entry
Lair:4:   layout_gridlike, beast_lair_carwin_3

Skill      XL: |  1  2  3  4  5  6  7  8  9 10 11 12 13 14 |
---------------+-------------------------------------------+-----
Stealth        | 6 8 9 10 12 14 15 17 18 19 | 19.9
Short Blades   | 2 3 4 5 6 |  6.4
Ice Magic      | 1 2 3 4 5 |  5.6
Spellcasting   | 3 4 5 6 7 8 |  8.5
Hexes          | 4 5 6 7 8 9 10 | 10.9
Evocations     | 1 3 4 6 7 8 9 10 | 10.2
Fighting       | 1 2 3 |  3.6
Dodging        | 3 4 5 |  5.7
Conjurations   | 1 |  1.3
Translocations | 1 3 4 5 |  5.5

Action                   |  1- 3 |  4- 6 |  7- 9 | 10-12 | 13-15 || total
-------------------------+-------+-------+-------+-------+-------++-------
Melee: Dagger            |    78 |    44 |   161 |   439 |   345 ||  1067
Throw: Dart              |       |     6 |       |       |       ||     6
 Cast: Corona            |     5 |     1 |     1 |     7 |     4 ||    18
       Ensorcelled Hiber |    22 |    28 |    46 |   139 |   112 ||   347
       Confuse           |       |     1 |    12 |    42 |    20 ||    75
       Dazzling Spray    |       |       |     6 |    20 |    22 ||    48
       Blink             |       |       |       |     3 |    11 ||    14
       Slow              |       |       |       |       |     1 ||     1
       Throw Flame       |       |       |       |       |     2 ||     2
Invok: Shadow Step       |       |       |       |       |     1 ||     1
Evoke: Wand              |       |     1 |     3 |     4 |     8 ||    16
  Use: Potion            |     1 |       |     6 |     1 |     4 ||    12
       Scroll            |       |       |     5 |    11 |    11 ||    27
 Stab: Sleeping          |    17 |    25 |    41 |   114 |   128 ||   325
       Paralysed         |       |     1 |     3 |       |     2 ||     6
       Confused          |       |       |     4 |    36 |    11 ||    51
       Invisible         |       |       |       |     5 |     4 ||     9
       Distracted        |       |       |       |       |     1 ||     1
  Eat: Chunk             |    11 |    12 |    12 |    38 |    12 ||    85
       Ration            |       |       |       |     1 |       ||     1
Armor: Robe              |    12 |     8 |     7 |    31 |    15 ||    73
Dodge: Dodged            |    78 |    25 |   136 |   362 |   234 ||   835
